 Dungeon Crawl Stone Soup version 0.23.2-33-g5129a83184 (webtiles) character file.

Game seed: 10010280439776406257

137 ANON1729 the Skirmisher (level 5, 42/42 HPs)
             Began as a Demonspawn Monk on Aug 11, 2019.
             Quit the game on level 3 of the Dungeon.
             The game lasted 00:03:59 (2845 turns).

ANON1729 the Skirmisher (Demonspawn Monk)           Turns: 2845, Time: 00:04:00

Health: 42/42      AC:  8    Str: 11    XL:     5   Next: 0%
Magic:  5/5        EV: 10    Int: 13    God:
Gold:   183        SH:  0    Dex: 15    Spells: 4/4 levels left

rFire    . . .     SeeInvis .   a - +0 spear
rCold    . . .     Gourm    .   (no shield)
rNeg     . . .     Faith    .   m - +1 leather armour {rPois}
rPois    +         Spirit   +   (helmet restricted)
rElec    .         Reflect  .   o - +0 cloak
rCorr    .         Harm     .   i - +0 pair of gloves
MR       .....                  (no boots)
Stlth    ++........             l - amulet of guardian spirit
HPRegen  0.14/turn              e - -3 ring of evasion (curse)
MPRegen  0.09/turn              (no ring)

@: no status effects
A: horns 2, slimy green scales 1, demonic guardian 1
a: no special abilities


You were on level 3 of the Dungeon.
You were not hungry.

You visited 1 branch of the dungeon, and saw 3 of its levels.

You collected 183 gold pieces.

Inventory:

Hand Weapons
 a - a +0 spear (weapon)
Armour
 b - a +0 robe
 i - a +0 pair of gloves (worn)
 m - a +1 leather armour of poison resistance (worn)
 o - a +0 cloak (worn)
Jewellery
 e - a cursed -3 ring of evasion (left hand)
 l - an amulet of guardian spirit (around neck)
Scrolls
 h - 4 scrolls of identify
 n - a scroll of random uselessness {unknown}
 q - a scroll of teleportation {unknown}
 r - a scroll of enchant weapon {unknown}
 s - a scroll of fear {unknown}
 t - a scroll of amnesia {unknown}
Potions
 d - 3 potions of curing
 f - 2 potions of lignification {unknown}
 g - 3 potions of haste
 j - a potion of resistance {unknown}
 k - a potion of degeneration {unknown}
 p - 2 potions of heal wounds {unknown}
Comestibles
 c - 2 rations


   Skills:
 + Level 3.8 Fighting
 + Level 3.5 Polearms
 + Level 3.4 Dodging
 + Level 2.9 Stealth


You had 4 spell levels left.
You didn't know any spells.
Your spell library was empty.

Dungeon Overview and Level Annotations

Branches:
Dungeon (3/15)

Altars:
Ashenzari
Ru


Innate Abilities, Weirdness & Mutations

You have a pair of horns on your head.
You are partially covered in slimy green scales. (AC +2)
A weak demonic guardian rushes to your aid.


Message History

There is a shattered altar of Ashenzari here.
f - 2 puce potions (gained 1)
There is an open door here.
You see here a rat corpse.
A rat comes into view.
A rat is nearby!
You hit the rat.
The rat is severely wounded.
The rat bites you but does no damage.
You hit the rat.
You kill the rat!
You have reached level 5!
Your demonic ancestry asserts itself...
You feel the presence of a demonic guardian.
You see here a rat corpse.
s - a scroll labeled MYANUU BIPTO
p - 2 blue potions (gained 1)
You see here a rat corpse.
t - a scroll labeled MELUIHAVUR Are you sure you want to abandon this character and quit the game? (Confirm with "yes".)

#....†# #......'...#.
#.....# ########._.##
#.....####......#...#.
#####..†........######
#.###......##.#..# #.#
##....##..#... #.#
#...##...#... #.#
#..##....#.(. #@#
#.##.....#... #.# ###
#.# ..# ..# ..#. .. .
### .


There were no monsters in sight!

Vanquished Creatures
  3 gnolls
  4 adders
  A worm (D:3)
  A dart slug (D:2)
  4 giant cockroaches
  11 hobgoblins
  2 jackals (D:1)
  A quokka (D:2)
  2 ball pythons
  4 bats
  3 frilled lizards
  7 goblins
  15 kobolds
  11 rats
69 creatures vanquished.

Notes
Turn   | Place    | Note
-------+----------+-------------------------------------------
     0 | D:1      | ANON1729 the Demonspawn Monk began the quest for the Orb.
     0 | D:1      | Reached XP level 1. HP: 18/18 MP: 1/1
   292 | D:1      | Gained mutation: You have a pair of small horns on your
                  | head. [demonic ancestry]
   292 | D:1      | Reached XP level 2. HP: 20/24 MP: 2/2
  1157 | D:2      | Found a sacrificial altar of Ru.
  1180 | D:2      | Gained mutation: You have a pair of horns on your head.
                  | [demonic ancestry]
  1180 | D:2      | Reached XP level 3. HP: 29/29 MP: 3/3
  1620 | D:2      | Gained mutation: You are partially covered in slimy green
                  | scales. (AC +2) [demonic ancestry]
  1620 | D:2      | Reached XP level 4. HP: 35/35 MP: 4/4
  2506 | D:3      | Found a shattered altar of Ashenzari.
  2824 | D:3      | Gained mutation: A weak demonic guardian rushes to your
                  | aid. [demonic ancestry]
  2824 | D:3      | Reached XP level 5. HP: 42/42 MP: 5/5
  2845 | D:3      | Quit the game

Skill      XL: |  1  2 |
---------------+-------+-----
Stealth        | 2 |  2.9
Polearms       | 3 |  3.5
Dodging        | 3 |  3.4
Fighting       | |  3.8

Action                   |  1- 3 |  4- 6 || total
-------------------------+-------+-------++-------
Melee: Spear             |   156 |    87 ||   243
       Headbutt          |    12 |    14 ||    26
  Use: Scroll            |     1 |       ||     1
       Potion            |       |     1 ||     1
 Stab: Sleeping          |     6 |     8 ||    14
  Eat: Chunk             |     2 |     4 ||     6
Armor: Robe              |    12 |       ||    12
       Leather armour    |    14 |    16 ||    30
Dodge: Dodged            |    61 |    20 ||    81
